 Dungeon Sprint DCSS version 0.28.0-53-g5a82cb258f (webtiles) character file.

Game seed: 15020748131448922793

5022 Axhoon the Arsonist (level 10, -1/68 HPs)
             Began as a Purple Draconian Fire Elementalist on June 7, 2022.
             Was a Believer of Hepliaklqana.
             Slain by a centaur warrior (3 damage)
             ... in the Dungeon (Sprint I: "Red Sonja").
             The game lasted 00:11:13 (980 turns).

Axhoon the Arsonist (DrFE)                           Turns: 980, Time: 00:11:14

Health: -1/68      AC: 10    Str:  9 (10) XL:     10   Next: 30%
Magic:  11/23      EV: 14    Int: 12 (14) God:    Hepliaklqana [**....]
Gold:   519        SH:  0    Dex: 12      Spells: 19/33 levels left

rFire   . . .      SeeInvis .   c - +1 dagger (distort)
rCold   . . .      Faith    .   (no shield)
rNeg    . . .      Spirit   .   (armour unavailable)
rPois   .          Reflect  .   (helmet restricted)
rElec   .          Harm     .   (no cloak)
rCorr   .          Rampage  .   k - +2 pair of gloves
Will    +....      Rage     1%  (no boots)
Stlth   +++....... NoTele   +   (no amulet)
HPRegen 0.00/turn               (no ring)
MPRegen 0.18/turn               (no ring)

@: inhibited regen, unable to read
A: reduced essence, breathe power, AC +7, unfitting armour, cold-blooded, horns
1, berserk 1, deterioration 2, dopey 2, frail 1, low MP 1, screaming 2,
inhibited regeneration, weak 1, inability to read while threatened
a: Breathe Dispelling Energy, Renounce Religion, Recall Ancestor, Ancestor
Identity


You were in the Dungeon.
You worshipped Hepliaklqana.
Hepliaklqana was pleased with you.
You visited 1 branch You collected 727 gold pieces.
You spent 208 gold pieces at shops.

Inventory:

Hand Weapons
 c - a +1 dagger of distortion (weapon)
Missiles
 f - a curare-tipped dart (quivered)
Armour
 k - a +2 pair of gloves (worn)
Wands
 e - a wand of mindburst (10)
Scrolls
 g - 8 scrolls of identify
 h - a scroll of immolation
 i - a scroll of holy word
Potions
 a - 2 potions of degeneration
 d - 2 potions of magic
 j - a potion of mutation {unknown}
 l - a potion of curing


   Skills:
 * Level 7.5 Fighting
 * Level 4.5 Short Blades
 * Level 3.8 Throwing
 * Level 6.4 Dodging
 * Level 7.1 Stealth
 * Level 6.7 Unarmed Combat
 * Level 12.3 Spellcasting
 * Level 6.5 Conjurations
 * Level 0.6 Hexes
 * Level 13.1 Fire Magic
 * Level 5.1 Invocations
 * Level 6.7 Evocations


You had 19 spell levels left.
You knew the following spells:

 Your Spells              Type           Power      Damage    Failure   Level
a - Foxfire               Conj/Fire      100%       2x1d9     1%          1
b - Scorch                Fire           76%        2d9       1%          2
c - Inner Flame           Hex/Fire       23%        N/A       1%          3
d - Flame Wave            Conj/Fire      31%        2d8       1%          4
e - Hailstorm             Conj/Ice       15%        3d5       24%         4

Your spell library contained the following spells:

 Spells                   Type           Power      Damage    Failure   Level
 Conjure Flame            Conj/Fire      31%        6-21      1%          3
 Freeze                   Ice            28%        1d5       10%         1
 Frozen Ramparts          Ice            14%        1d3       28%         3


Dungeon Overview and Level Annotations

Branches:
Dungeon (1/1)

Altars:
Cheibriados
Dithmenos
Elyvilon
Fedhas
Gozag
Hepliaklqana
Kikubaaqudgha
Nemelex Xobeh
Okawaru
Qazlal
Ru
Sif Muna
Trog
Uskayaw
Vehumet
Wu Jian
Yredelemnul
Zin
The Shining One

Shops:
D (:?=[(


Innate Abilities, Weirdness & Mutations

Your life essence is reduced to manifest your ancestor. (-10% HP)
You can breathe bolts of dispelling energy.
Your rich purple scales are hard. (AC +7)
You cannot fit into any form of body armour.
You are cold-blooded and may be slowed by cold attacks.
You have a pair of small horns on your head.
You tend to lose your temper in combat.
Your body often deteriorates upon taking damage.
You are very dopey. (Int -4)
You are frail. (-10% HP)
Your magical capacity is low. (-10% MP)
You frequently scream uncontrollably at your foes.
You do not regenerate when monsters are visible.
You are weak. (Str -2)
You sometimes lose the ability to read scrolls when taking damage.


Message History

The flame wave engulfs the centaur warrior!
The centaur warrior is heavily wounded.
You finish channelling waves of flame.
The centaur warrior hits you.
* * * LOW HITPOINT WARNING * * *
The centaur warrior kicks you but does no damage.
The centaur warrior is engulfed in a cloud of scalding steam.
The centaur warrior hits you but does no damage.
The centaur warrior kicks you but does no damage.
You feel better. The centaur warrior hits you.
* * * LOW HITPOINT WARNING * * *
The centaur warrior kicks you but does no damage.
The centaur warrior unwields a +0 shortbow.
The centaur warrior hits you but does no damage.
The centaur warrior barely misses you.
Casting: Flame Wave (dangerous; 1% risk of failure)
Confirm with . or Enter, or press ? or * to list all spells.
Casting: Flame Wave (dangerous; 1% risk of failure)
Press: ? - help, Dir - look around, f - activate A wave of flame ripples out!
The flame wave engulfs the centaur warrior.
The centaur warrior is almost dead.
The flame wave engulfs the centaur warrior!
The centaur warrior is almost dead. (Press . to intensify the flame waves.)
The centaur warrior hits you!
* * * LOW HITPOINT WARNING * * *
Your body deteriorates!
You feel dopey. The centaur warrior kicks you.
* * * LOW HITPOINT WARNING * * *
The centaur warrior barely misses you. The centaur warrior misses you.
A wave of flame ripples out!
The flame wave engulfs the centaur warrior!
The centaur warrior is burned terribly!
You kill the centaur warrior!
The flame wave engulfs the centaur warrior.
The centaur warrior is almost dead.
The centaur warrior hits you.
* * * LOW HITPOINT WARNING * * *
The centaur warrior kicks you.
You die...

<.#..'.)#..'..#
..'..#..'..#..+
).#####'#####'# ###
..####..#...#.####$!#
.)#__####..##.#§§≈§.#
..#_____##'#_.+§§§§§+
⌠⌠#_.∩...'..._#§§§..#
###_..__##_.#'##c####
#_____###'#)#.@§.#
###########.####'###
∩........'...'.....+
##''''####...#######
.......####.###
........#.#'#.#
..#.....#.....#
........#.....#
.....#..#######


You could see a centaur warrior (poisoned, slow).

Vanquished Creatures
  A centaur warrior (D)
  Sonja (D)
  A deep troll (D)
  5 shining eyes (D)
  Sigmund (D)
  A yak (D)
  4 floating eyes (D)
  An ogre (D)
  A jelly (D)
  Ijyb (D)
17 creatures vanquished.

Vanquished Creatures (collateral kills)
  3 shining eyes (D)
3 creatures vanquished.

Vanquished Creatures (others)
  A battlemage (D)
  An ancestor (D)
  2 ballistomycete spores (D)
  7 foxfires (D)
11 creatures vanquished.

Grand Total: 31 creatures vanquished

Notes
Turn   | Place    | Note
-------+----------+-------------------------------------------
     0 | D        | Axhoon the Draconian Fire Elementalist began the quest for
                  | the Orb.
     0 | D        | Reached XP level 1. HP: 14/14 MP: 3/3
     2 | D        | Noticed Ijyb
    13 | D        | Killed Ijyb
    14 | D        | Reached skill level 1 in Fighting
    14 | D        | Reached skill level 1 in Unarmed Combat
    14 | D        | Reached skill level 4 in Fire Magic
    14 | D        | Reached XP level 2. HP: 23/23 MP: 0/5
    53 | D        | Learned a level 2 spell: Scorch
    60 | D        | Noticed an ogre
    74 | D        | Killed an ogre
    75 | D        | Reached skill level 6 in Fire Magic
    75 | D        | Reached skill level 1 in Evocations
    75 | D        | Reached XP level 3. HP: 30/30 MP: 1/8
    75 | D        | Reached XP level 4. HP: 37/37 MP: 1/9
   168 | D        | Learned a level 3 spell: Inner Flame
   173 | D        | Learned a level 4 spell: Flame Wave
   192 | D        | Noticed Sigmund
   203 | D        | Killed Sigmund
   204 | D        | Reached skill level 5 in Spellcasting
   204 | D        | Reached skill level 8 in Fire Magic
   204 | D        | Reached XP level 5. HP: 30/46 MP: 6/12
   204 | D        | Reached XP level 6. HP: 33/52 MP: 6/13
   225 | D        | Found an ornate altar of the Wu Jian Council.
   225 | D        | Found a shimmering blue altar of Sif Muna.
   227 | D        | Found a radiant altar of Vehumet.
   259 | D        | Found Qoekunis's Jewellery Emporium.
   259 | D        | Found an ancient bone altar of Kikubaaqudgha.
   259 | D        | Found a hazy altar of Hepliaklqana.
   259 | D        | Found a stormy altar of Qazlal.
   259 | D        | Found a hide-covered altar of Uskayaw.
   259 | D        | Found a blossoming altar of Fedhas.
   259 | D        | Found a bloodstained altar of Trog.
   259 | D        | Found an iron altar of Okawaru.
   259 | D        | Found a basalt altar of Yredelemnul.
   259 | D        | Found a glowing golden altar of the Shining One.
   259 | D        | Found a snail-covered altar of Cheibriados.
   259 | D        | Found a sacrificial altar of Ru.
   259 | D        | Found a glowing silver altar of Zin.
   259 | D        | Found a shadowy altar of Dithmenos.
   259 | D        | Found a white marble altar of Elyvilon.
   259 | D        | Noticed a yak
   264 | D        | Killed a yak
   265 | D        | Reached skill level 9 in Fire Magic
   266 | D        | Found an opulent altar of Gozag.
   401 | D        | Found a sparkling altar of Nemelex Xobeh.
   412 | D        | Became a worshipper of Hepliaklqana the Forgotten
   428 | D        | Noticed Sonja
   433 | D        | Killed Sonja
   434 | D        | Reached skill level 5 in Fighting
   434 | D        | Reached skill level 5 in Stealth
   434 | D        | Reached skill level 10 in Fire Magic
   434 | D        | Your scales start taking on a rich purple colour.
   434 | D        | Reached XP level 7. HP: 27/61 MP: 15/19
   607 | D        | Found Zipnukez's Antique Weapon Boutique.
   627 | D        | Reached * piety under Hepliaklqana
   627 | D        | Noticed a deep troll
   653 | D        | Killed a deep troll
   654 | D        | Reached skill level 1 in Short Blades
   654 | D        | Reached skill level 1 in Throwing
   654 | D        | Reached skill level 5 in Dodging
   654 | D        | Reached skill level 5 in Unarmed Combat
   654 | D        | Reached skill level 5 in Conjurations
   654 | D        | Reached skill level 11 in Fire Magic
   654 | D        | Reached skill level 1 in Invocations
   654 | D        | Reached skill level 5 in Evocations
   654 | D        | Reached XP level 8. HP: 37/63 MP: 15/21
   790 | D        | Noticed a shining eye
   790 | D        | Noticed a shining eye
   790 | D        | Noticed a shining eye
   790 | D        | Noticed a shining eye
   790 | D        | Noticed a shining eye
   790 | D        | Noticed a shining eye
   792 | D        | Noticed a shining eye
   792 | D        | Noticed a shining eye
   792 | D        | Gained mutation: Your body sometimes deteriorates upon
                  | taking damage. [a shining eye]
   794 | D        | Gained mutation: You occasionally shout uncontrollably at
                  | your foes. [a shining eye]
   794 | D        | Paralysed by a floating eye for 2 turns
   799 | D        | Reached skill level 10 in Spellcasting
   799 | D        | Gained mutation: You sometimes lose the ability to read
                  | scrolls when taking damage. [a shining eye]
   799 | D        | Gained mutation: You are dopey. (Int -2) [a shining eye]
   800 | D        | Gained mutation: You are frail. (-10% HP) [a shining eye]
   801 | D        | Gained mutation: Your body often deteriorates upon taking
                  | damage. [a shining eye]
   801 | D        | Gained mutation: You do not regenerate when monsters are
                  | visible. [a shining eye]
   801 | D        | Gained mutation: Your magical capacity is low. (-10% MP) [a
                  | shining eye]
   805 | D        | Killed a shining eye
   805 | D        | Killed a shining eye
   805 | D        | Gained mutation: You are very dopey. (Int -4) [a shining
                  | eye]
   806 | D        | Reached skill level 12 in Fire Magic
   806 | D        | Reached XP level 9. HP: 62/62 MP: 4/21
   807 | D        | Killed a shining eye
   816 | D        | Killed a shining eye
   816 | D        | Gained mutation: You tend to lose your temper in combat. [a
                  | shining eye]
   822 | D        | Gained mutation: You are weak. (Str -2) [a shining eye]
   828 | D        | Gained mutation: You have a pair of small horns on your
                  | head. [a shining eye]
   830 | D        | Gained mutation: You frequently scream uncontrollably at
                  | your foes. [a shining eye]
   834 | D        | Killed a shining eye
   834 | D        | Killed a shining eye
   835 | D        | Reached XP level 10. HP: 68/68 MP: 1/23
   835 | D        | Killed a shining eye
   836 | D        | Reached skill level 13 in Fire Magic
   836 | D        | Killed a shining eye
   837 | D        | Reached skill level 5 in Invocations
   848 | D        | Found Yptewemi's Antique Armour Shop.
   848 | D        | Found Iliqaen's Book Shoppe.
   848 | D        | Found Temist's Antique Weapon Boutique.
   848 | D        | Found Vewiy's Magic Scroll Emporium.
   848 | D        | Reached ** piety under Hepliaklqana
   849 | D        | Remembered your ancestor Nakurtum as a battlemage
   864 | D        | Bought a scroll of identify for 22 gold pieces
   864 | D        | Bought a scroll of immolation for 38 gold pieces
   864 | D        | Bought a scroll of identify for 22 gold pieces
   864 | D        | Bought a scroll of identify for 22 gold pieces
   864 | D        | Bought a scroll of holy word for 82 gold pieces
   864 | D        | Bought a scroll of identify for 22 gold pieces
   966 | D        | Learned a level 4 spell: Hailstorm
   968 | D        | Noticed a centaur warrior
   968 | D        | Noticed a centaur warrior
   980 | D        | Killed a centaur warrior
   980 | D        | HP: 2/68 [centaur warrior (5)]
   980 | D        | Slain by a centaur warrior

Illustrated notes

Levels and vault maps discovered:
D:        dungeon_sprint_1 [red_sonja_temple_1, red_sonja_temple_small_1]

Skill      XL: |  1  2  3  4  5  6  7  8  9 10 |
---------------+-------------------------------+-----
Fighting       | 1 2 3 5 6 7 |  7.5
Dodging        | 2 3 4 5 6 |  6.4
Stealth        | 2 3 5 6 7 |  7.1
Unarmed Combat | 1 2 3 4 5 6 |  6.7
Fire Magic     | 4 6 8 10 11 12 13 | 13.1
Spellcasting   | 3 5 8 9 10 11 12 | 12.3
Conjurations   | 2 3 4 5 6 |  6.5
Evocations     | 1 2 4 5 6 |  6.7
Short Blades   | 1 3 4 |  4.5
Throwing       | 1 2 3 |  3.8
Invocations    | 1 3 4 5 |  5.1
Hexes          | |  0.6

Action                   |  1- 3 |  4- 6 |  7- 9 | 10-12 || total
-------------------------+-------+-------+-------+-------++-------
Melee: Unarmed           |     3 |       |       |       ||     3
       Punch             |     1 |       |     2 |       ||     3
       Dagger            |       |       |    25 |     6 ||    31
       Tailslap          |       |       |     5 |     1 ||     6
       Headbutt          |       |       |     2 |     1 ||     3
Throw: Dart              |       |       |     2 |     1 ||     3
 Cast: Foxfire           |     4 |       |       |       ||     4
       Scorch            |     2 |     6 |     4 |     1 ||    13
       Flame Wave        |       |       |     3 |     2 ||     5
       Inner Flame       |       |       |     2 |       ||     2
Invok: Recall Ancestor   |       |       |     2 |       ||     2
       Ancestor Identity |       |       |     1 |       ||     1
       Ancestor Life: Ba |       |       |       |     1 ||     1
 Abil: Breathe Dispellin |       |       |     1 |       ||     1
Evoke: Wand              |     2 |     5 |     2 |       ||     9
  Use: Potion            |     2 |     1 |       |     3 ||     6
       Scroll            |     1 |     1 |       |       ||     2
Armor: Skin              |       |     1 |       |     8 ||     9
Dodge: Dodged            |     4 |     4 |     1 |     6 ||    15
